 Dungeon Crawl Stone Soup version 0.30.0 (webtiles) character file.

Game seed: 3897743087868194655

44 Kepochkin the Chopper (level 3, -1/27 HPs)
             Began as a Demonspawn Gladiator on May 17, 2023.
             Was a Follower of Fedhas.
             Succumbed to an adder's poison
             ... on level 2 of the Dungeon.
             The game lasted 00:07:04 (693 turns).

Kepochkin the Chopper (Demonspawn Gladiator)         Turns: 693, Time: 00:07:04

Health: -1/27      AC:  7    Str: 16    XL:     3   Next: 41%
Magic:  3/3        EV: 12    Int:  9    God:    Fedhas [*.....]
Gold:   65         SH:  0    Dex: 14    Spells: 2/2 levels left

rFire   . . .        a - +0 war axe
rCold   . . .        (no shield)
rNeg    . . .        b - +0 leather armour
rPois   .            c - +0 helmet
rElec   .            (no cloak)
rCorr   .            (no gloves)
SInv    .            (no boots)
Will    .....        (no amulet)
Stlth   +            (no ring)
HPRegen 0.24/turn    (no ring)
MPRegen 0.08/turn

%: no passive effects
@: lethally poisoned (-1 -> -7)
A: slimy green scales 2
a: Renounce Religion


You were on level 2 of the Dungeon.
You worshipped Fedhas.
Fedhas was aware of your devotion.
You visited 1 branch of the dungeon, and saw 2 of its levels.

You collected 65 gold pieces.

Inventory:

Hand Weapons
 a - a +0 war axe (weapon)
Missiles
 d - 3 throwing nets (quivered)
 e - a javelin
Armour
 b - a +0 leather armour (worn)
 c - a +0 helmet (worn)
 m - a +0 scale mail of willpower
Jewellery
 f - a ring of fire
 n - a ring of see invisible
Scrolls
 g - a scroll of noise {unknown}
 i - 3 scrolls of identify {unknown}
 k - a scroll of poison {unknown}
Potions
 h - a potion of flight {unknown}
 j - a potion of heal wounds {unknown}
 l - a potion of invisibility {unknown}
 o - a potion of degeneration {unknown}


   Skills:
 * Level 2.3 Fighting
 * Level 3.4 Axes
 - Level 1.7 Throwing
 * Level 0.6 Armour
 + Level 3.1 Dodging


You had 2 spell levels left.
You didn't know any spells.
Your spell library was empty.

Dungeon Overview and Level Annotations

Branches:
Dungeon (2/15)

Altars:
Fedhas

Shops:
D:1 *


Innate Abilities, Weirdness & Mutations

You are mostly covered in slimy green scales. (AC +3)


Message History

You barely miss the goblin.
You feel sick. The adder bites you but does no damage. The goblin misses you.
You closely miss the adder.
The adder is lightly wounded.
You hit the goblin.
You kill the goblin!
Fedhas appreciates your contribution to the ecosystem.
You feel sick. The adder bites you but does no damage. The adder bites you.
You are more poisoned.
The adder poisons you!
You are too injured to fight recklessly!
You are too injured to fight recklessly!
You are too injured to fight recklessly!
You are too injured to fight recklessly!
You hit the adder.
The adder is heavily wounded.
You feel very sick. The adder bites you but does no damage.
The adder closely misses you.
You closely miss the adder.
The adder is heavily wounded.
* * * LOW HITPOINT WARNING * * *
You feel sick. The adder bites you but does no damage.
You miss the adder. You punch the adder, but do no damage.
The adder is heavily wounded.
* * * LOW HITPOINT WARNING * * *
You feel sick. The adder closely misses you. x2
You hit the adder.
The adder is almost dead.
You feel sick. The adder bites you.
* * * LOW HITPOINT WARNING * * *
You are lethally poisoned!
The adder poisons you! The adder misses you.
Okay, then.
You slash the adder!
You kill the adder!
Fedhas appreciates your contribution to the ecosystem.
* * * LOW HITPOINT WARNING * * *
You feel very sick.
You die...
Fedhas appreciates your contribution to the ecosystem.

########## .........#
.........# .........#
.........# .........#
.........#
.........#########
~~.......##.....@#
.........##.####.#
~.~......##'####.).....#
..............##.......)
.....#........##.......#
######...>.............#
#........##.......#
#.........+........
#........##.......#


There were no monsters in sight!

Vanquished Creatures
  An adder (D:2)
  A dart slug (D:1)
  2 ball pythons (D:1)
  2 bats (D:1)
  An endoplasm (D:1)
  2 giant cockroaches (D:1)
  6 goblins
  5 hobgoblins (D:1)
  2 kobolds (D:1)
  A quokka (D:2)
  2 frilled lizards (D:1)
  5 rats (D:1)
30 creatures vanquished.

Notes
Turn   | Place    | Note
-------+----------+-------------------------------------------
     0 | D:1      | Kepochkin the Demonspawn Gladiator began the quest for the
                  | Orb.
     0 | D:1      | Reached XP level 1. HP: 16/16 MP: 1/1
    96 | D:1      | Gained mutation: You are partially covered in slimy green
                  | scales. (AC +2) [demonic ancestry]
    96 | D:1      | Reached XP level 2. HP: 20/22 MP: 2/2
   190 | D:1      | Found a faded altar of an unknown god.
   288 | D:1      | Prayed at the altar of an unknown god.
   288 | D:1      | Became a worshipper of Fedhas Madash
   288 | D:1      | Reached * piety under Fedhas
   477 | D:1      | Gained mutation: You are mostly covered in slimy green
                  | scales. (AC +3) [demonic ancestry]
   477 | D:1      | Reached XP level 3. HP: 24/27 MP: 3/3
   538 | D:1      | Found Kapubaimie's General Store.
   692 | D:2      | HP: 1/27 [poisoned by an adder]
   693 | D:2      | Succumbed to an adder's poison

Illustrated notes

Levels and vault maps discovered:
D:1:      dpeg_arrival_lava_temple_mockup, layout_basic, serial_shops,
          nicolae_shop_real_fake_doors, hellmonk_ecumenical_altar_zigzags
D:2:      layout_basic, interstate_on_off, chequers_serial_rivers_micro_c,
          uniq_jessica

Skill      XL: |  1  2 |
---------------+-------+-----
Axes           | 3 |  3.4
Dodging        | 3 |  3.1
Fighting       | |  2.3
Throwing       | |  1.7
Armour         | |  0.6

Action                     || total
---------------------------++-------
  Melee: War axe           ||    79
         Punch             ||     1
 Armour: Leather armour    ||    38
  Dodge: Dodged            ||    64
